 Dungeon Crawl Stone Soup version 0.29-a0-283-ga02f740833 (console) character file.

Game seed: 15702379921525916231

24 Doideka the Digger (level 2, -13/24 HPs)
             Began as a Troll Earth Elementalist on Mar 13, 2022.
             Mangled by an ogre
             ... wielding a +0 giant spiked club
              (37 damage)
             ... on level 2 of the Dungeon.
             The game lasted 00:27:28 (867 turns).

Doideka the Digger (Troll Earth Elementalist)        Turns: 867, Time: 00:27:28

Health: -13/24     AC:  5    Str: 15    XL:     2   Next: 79%
Magic:  3/3        EV: 10    Int: 11    God:
Gold:   45         SH:  0    Dex: 10    Spells: 2/3 levels left

rFire   . . .      SeeInvis .   e - staff of death
rCold   + . .      Faith    .   (no shield)
rNeg    + . .      Spirit   .   k - +0 robe
rPois   .          Reflect  .   (helmet restricted)
rElec   .          Harm     .   g - +0 cloak
rCorr   .          Rampage  .   (gloves unavailable)
Will    .....                   (boots unavailable)
Stlth   +.........              (no amulet)
HPRegen 0.88/turn               i - ring of protection from cold
MPRegen 0.08/turn               (no ring)

@: no status effects
A: large, unfitting armour, claws 3, regeneration 1, shaggy fur 1, tough skin 1
a: no special abilities


You were on level 2 of the Dungeon.
You visited 1 branch of the dungeon, and saw 2 of its levels.

You collected 45 gold pieces.

Inventory:

Hand Weapons
 b - a +0 dagger
 l - a +0 whip
 m - a +0 dagger
 p - a +0 hunting sling
 q - a +0 dagger
 r - a +0 dagger
Missiles
 a - 51 stones
 o - 5 boomerangs
Armour
 g - a +0 cloak (worn)
 k - a +0 robe (worn)
Magical Staves
 e - a staff of death (weapon)
Jewellery
 i - a ring of protection from cold (left claw)
Scrolls
 h - 2 scrolls of enchant armour (quivered) {unknown}
 s - a scroll of torment {unknown}
Potions
 c - a potion of magic
 d - a potion of brilliance {unknown}
 f - a potion of invisibility {unknown}
 j - a potion of heal wounds {unknown}
 n - a potion of ambrosia {unknown}


   Skills:
 + Level 0.2 Fighting
 + Level 0.2 Staves
 + Level 1.8 Dodging
 + Level 1.1 Stealth
 + Level 1.3 Spellcasting
 + Level 0.6 Transmutations
 + Level 3.2 Earth Magic


You had 2 spell levels left.
You knew the following spells:

 Your Spells              Type           Power      Damage    Failure   Level
a - Sandblast             Erth           14%        2d6       9%          1

Your spell library contained the following spells:

 Spells                   Type           Power      Damage    Failure   Level
 Passwall                 Tmut/Erth      3%         N/A       22%         2
 Stone Arrow              Conj/Erth      8%         3d7       43%         3
 Petrify                  Tmut/Erth      4%         N/A       82%         4


Dungeon Overview and Level Annotations

Branches:
Dungeon (2/15)

Altars:


Innate Abilities, Weirdness & Mutations

You are too large for most types of armour.
You have claws for hands.
Your natural rate of healing is unusually fast.
You are covered in fur. (AC +1)
You have tough skin. (AC +1)


Message History

You hit the worm.
The worm is moderately wounded.
The worm bites you but does no damage.
You hit the worm.
The worm is heavily wounded.
You hit the worm.
The worm is heavily wounded.
The worm bites you.
You completely miss the worm.
The worm is heavily wounded.
The worm bites you!
You barely miss the worm.
The worm is heavily wounded.
You hit the worm.
The worm is severely wounded.
The worm bites you but does no damage.
You hit the worm.
The worm is almost dead.
The worm bites you.
You hit the worm.
You kill the worm!
You start resting.
HP restored.
Found a scroll labelled MENTATUEME.
An ogre comes into view. It is wielding a +0 giant spiked club.
Found 9 gold pieces.
The ogre shouts!
You see here a scroll labelled MENTATUEME.
s - a scroll labelled MENTATUEME The ogre completely misses you.
You hit the ogre.
The ogre is lightly wounded.
The ogre closely misses you.
You hit the ogre.
The ogre is moderately wounded.
You barely miss the ogre.
The ogre is moderately wounded.
The ogre hits you with a +0 giant spiked club!!!
Ouch! That really hurt!
You die...

#####>....#.##
###.###.# .#
#...#.# .#
###J#.# .#
.#.# #.## #.#
##...####
#.###......$.
#..........#
#####@....##
##O..## ..##
.... .#### .#
.# .#


You could see an ogre.

Vanquished Creatures
  A dart slug (D:1)
  A worm (D:2)
  2 ball pythons (D:1)
  5 endoplasms (D:1)
  A goblin (D:1)
  2 hobgoblins (D:1)
  2 quokkas (D:1)
  2 bats (D:1)
  A kobold (D:1)
  A rat (D:1)
18 creatures vanquished.

Notes
Turn   | Place    | Note
-------+----------+-------------------------------------------
     0 | D:1      | Doideka the Troll Earth Elementalist began the quest for
                  | the Orb.
     0 | D:1      | Reached XP level 1. HP: 16/16 MP: 1/1
   294 | D:1      | Found a faded altar of an unknown god.
   331 | D:1      | Reached XP level 2. HP: 24/24 MP: 3/3
   413 | D:1      | Reached skill level 3 in Earth Magic
   860 | D:2      | Noticed an ogre
   867 | D:2      | Mangled by an ogre

Illustrated notes

Levels and vault maps discovered:
D:1:      shiori_arrival_maze, layout_rooms, serial_curves, eino_curves_03,
          eino_curves_04, nicolae_ecumenical_snake_handling
D:2:      layout_loops_ring, uniq_crazy_yiuf_cottage

Skill      XL: |  1  2 |
---------------+-------+-----
Earth Magic    | 3 |  3.2
Fighting       | |  0.2
Staves         | |  0.2
Dodging        | |  1.8
Stealth        | |  1.1
Spellcasting   | |  1.3
Transmutations | |  0.6

Action                   || total
-------------------------++-------
Melee: Staff             ||   119
       Unarmed           ||     3
       Punch             ||     3
 Cast: Sandblast         ||     1
Armor: Robe              ||    79
Dodge: Dodged            ||    84

Table legend: (Time is in decaauts)
 A = Elapsed time spent in this place.
 B = Non-inter-level travel time spent in this place.
 C = Inter-level travel time spent in this place.
 D = Time resting spent in this place.
 E = Time spent auto-exploring this place.
 F = Levels seen in this place.
 G = Mean time per level.
                   A        B        C        D        E       F      G
               +--------+--------+--------+--------+--------+-----+--------+
         Total |    888 |    888 |      0 |      9 |     63 |   2 |  444.0 |
       Dungeon |    888 |    888 |      0 |      9 |     63 |   2 |  444.0 |
               +--------+--------+--------+--------+--------+-----+--------+

Top non-repeatable levels by time:
     D:1: 835 daAuts
     D:2: 53 daAuts
